 Dungeon Crawl Stone Soup version 0.20-a0-959-gdc9e609 (webtiles) character file.

15 Hybris the Caller (level 2, 0/15 HPs)
             Began as a Deep Elf Summoner on Apr 6, 2017.
             Slain by a goblin
             ... wielding a +0 club
              (4 damage)
             ... on level 1 of the Dungeon.
             The game lasted 00:01:59 (885 turns).

Hybris the Caller (Deep Elf Summoner)                Turns: 885, Time: 00:02:01

Health: 0/15       AC:  4    Str:  5    XL:     2   Next: 34%
Magic:  4/8        EV: 13    Int: 19    God:
Gold:   43         SH:  0    Dex: 15    Spells: 4/7 levels left

rFire    . . .     SeeInvis .   g - +0 dagger
rCold    . . .     Gourm    .   (no shield)
rNeg     . . .     Faith    .   a - +0 robe
rPois    .         Spirit   .   (no helmet)
rElec    .         Reflect  .   i - +0 cloak
rCorr    .         Harm     .   f - +0 pair of gloves
MR       .....                  (no boots)
Stlth    ++........             (no amulet)
Regen    0.1/turn               (no ring)
MPRegen  0.2/turn               (no ring)

@: no status effects
A: no striking features
a: no special abilities


You were on level 1 of the Dungeon.
You were not hungry.

You visited 1 branch of the dungeon, and saw 1 of its levels.

You collected 43 gold pieces.

Inventory:

Hand Weapons
 g - a +0 dagger (weapon)
Armour
 a - a +0 robe (worn)
 f - a +0 pair of gloves (worn)
 i - a +0 cloak (worn)
Scrolls
 d - a scroll of enchant armour {unknown}
 e - a scroll of identify {unknown}
 j - a scroll of teleportation {unknown}
Books
 b - a book of Callings

   Spells                             Type                      Level
   a - Summon Small Mammal            Summoning                    1
   b - Call Imp                       Summoning                    2
   c - Call Canine Familiar           Summoning                    3
   d - Summon Guardian Golem          Hexes/Summoning              3
   e - Summon Lightning Spire         Summoning/Air                4
   f - Summon Ice Beast               Ice/Summoning                4
Comestibles
 c - a bread ration
 h - 5 chunks of flesh


   Skills:
 - Level 2.4 Dodging
 - Level 2.4 Stealth
 + Level 3.4 Spellcasting
 * Level 4.9 Summonings


You had 4 spell levels left.
You knew the following spells:

 Your Spells              Type           Power        Failure   Level  Hunger
a - Summon Small Mammal   Summ           ###.         1%          1    None
b - Call Imp              Summ           ###.....     3%          2    ##.....


Dungeon Overview and Level Annotations

Branches:
Dungeon (1/15)

Altars:


Message History

You barely miss the goblin. The frilled lizard bites you.
The goblin closely misses you.
You hit the goblin.
The goblin is moderately wounded.
The frilled lizard barely misses you. The goblin hits you with a club.
You are too injured to fight recklessly!
You are too injured to fight recklessly!
You are too injured to fight recklessly!
Casting: Call Imp
Confirm with . or Enter, or press ? or * to list all spells.
A beastly little devil appears in a puff of flame.
Your crimson imp says, "You called?"
The frilled lizard bites you. The goblin barely misses you.
Casting: Call Imp
Confirm with . or Enter, or press ? or * to list all spells.
A beastly little devil appears in a puff of frigid air.
The frilled lizard bites you.
* * * LOW HITPOINT WARNING * * *
The goblin hits you with a club.
You die...

#.....................
#.......##############
#.....#.# #.....#.# #####
############.# #...#
........# #.# #...#
........####.# #...##
........5g...#########.....
.........l@5.........#.....
.....................#.....
.....................'.....
........#####........#.....
.....................+.....
.........####........##....
########' #........##.###
.. #############.. .....


You could see a goblin, a frilled lizard, a friendly crimson imp and a friendly
white imp.

Vanquished Creatures
  A goblin (D:1)
  2 ball pythons (D:1)
  A rat (D:1)
4 creatures vanquished.

Vanquished Creatures (collateral kills)
  An ooze (D:1)
  A dart slug (D:1)
  A leopard gecko (D:1)
  A bat (D:1)
  3 goblins (D:1)
  4 kobolds (D:1)
11 creatures vanquished.

Grand Total: 15 creatures vanquished

Notes
Turn   | Place    | Note
-------+----------+-------------------------------------------
     0 | D:1      | Hybris the Deep Elf Summoner began the quest for the Orb.
     0 | D:1      | Reached XP level 1. HP: 10/10 MP: 6/6
   495 | D:1      | Reached XP level 2. HP: 15/15 MP: 2/8
   499 | D:1      | Learned a level 2 spell: Call Imp
   885 | D:1      | Slain by a goblin

Vault maps used:
D:1:      wheals_arrival_shading, minmay_misc_feat_plants

Action                   || total
-------------------------++-------
Melee: Unarmed           ||     2
       Dagger            ||    18
 Cast: Summon Small Mamm ||    25
       Call Imp          ||     7
 Stab: Sleeping          ||     2
Armor: Robe              ||     7
Dodge: Dodged            ||    13
